 Dungeon Crawl Stone Soup version 0.23.2-33-g5129a83184 (webtiles) character file.

Game seed: 6773725164129500681

62 cega the Shield-Bearer (level 4, -2/35 HPs)
             Began as a Human Fighter on Aug 7, 2019.
             Was an Initiate of Okawaru.
             Slain by a gnoll
             ... wielding a +0 halberd
              (8 damage)
             ... on level 3 of the Dungeon.
             The game lasted 00:09:27 (1714 turns).

cega the Shield-Bearer (Human Fighter)              Turns: 1714, Time: 00:09:28

Health: -2/35      AC:  8    Str: 16    XL:     4   Next: 28%
Magic:  4/4        EV:  7    Int:  9    God:    Okawaru [......]
Gold:   83         SH:  9    Dex: 13    Spells: 3/3 levels left

rFire    . . .     SeeInvis .   a - +0 long sword
rCold    . . .     Gourm    .   c - +0 shield
rNeg     . . .     Faith    .   b - +0 scale mail
rPois    .         Spirit   .   (no helmet)
rElec    .         Reflect  .   (no cloak)
rCorr    .         Harm     .   (no gloves)
MR       .....                  i - +0 pair of boots
Stlth    ..........             (no amulet)
HPRegen  0.11/turn              (no ring)
MPRegen  0.09/turn              (no ring)

@: berserk cooldown, slowed, very slow
A: no striking features
a: Renounce Religion


You were on level 3 of the Dungeon.
You worshipped Okawaru.
Okawaru was noncommittal.
You were not hungry.

You visited 1 branch of the dungeon, and saw 3 of its levels.

You collected 83 gold pieces.

Inventory:

Hand Weapons
 a - a +0 long sword (weapon)
 k - a +0 mace
 m - a +1 dagger of venom
 p - a +0 hunting sling
 s - a +0 long sword
Missiles
 o - 7 curare-tipped needles (quivered)
 v - 19 bolts
 x - 22 stones
Armour
 b - a +0 scale mail (worn)
 c - a +0 shield (worn)
 i - a +0 pair of boots (worn)
 t - a +0 ring mail
Jewellery
 r - an uncursed ring of protection from cold {unknown}
Scrolls
 e - a scroll of fog {unknown}
 g - 5 scrolls of identify {unknown}
 h - a scroll of remove curse {unknown}
 l - a scroll of noise {unknown}
 q - 2 scrolls of teleportation {unknown}
Potions
 d - a potion of might
 j - a potion of curing {unknown}
 n - a potion of lignification {unknown}
 z - a potion of flight {unknown}
Comestibles
 f - 2 rations
 u - 5 chunks of flesh


   Skills:
 + Level 3.3 Fighting
 + Level 2.4 Long Blades
 + Level 3.6 Armour
 + Level 0.2 Dodging
 + Level 3.7 Shields


You had 3 spell levels left.
You didn't know any spells.
Your spell library was empty.

Dungeon Overview and Level Annotations

Branches:
Dungeon (3/15)

Altars:
Cheibriados
Okawaru
Uskayaw


Message History

It was a potion of berserk rage.
A red film seems to cover your vision as you go berserk!
You feel yourself moving faster!
You feel mighty!
Unknown command.
You slice the dart slug!!
You kill the dart slug!
Okawaru accepts your kill.
You slash the goblin!
You kill the goblin!
Okawaru accepts your kill.
You feel a strong urge to attack something.
The gnoll hits you with a +0 halberd.
* * * LOW HITPOINT WARNING * * *
You barely miss the gnoll. You block the gnoll's attack.
You hit the gnoll.
The gnoll is moderately wounded.
You are no longer berserk.
You are exhausted.
You feel yourself slow down. The gnoll hits you with a +0 halberd!
You die...

#..# #.####
#..####....#
#....#####÷#
#......###.#
##########.##.#.....#
.......)......#..####
.#########.#..#.÷# .#
#.#..#..# ##
#.#..#.@# #.####.g#
#.......# ########)##
+..:......#
.......#....#
.#...#...#..#
#.....###...# #.#...
.#.#


You could see a gnoll.

Vanquished Creatures
  An adder (D:3)
  A worm (D:2)
  A dart slug (D:3)
  A leopard gecko (D:1)
  3 giant cockroaches
  3 goblins
  6 hobgoblins
  3 jackals (D:3)
  10 kobolds
  A ball python (D:3)
  6 bats
  5 frilled lizards
  4 rats
45 creatures vanquished.

Notes
Turn   | Place    | Note
-------+----------+-------------------------------------------
     0 | D:1      | cega the Human Fighter began the quest for the Orb.
     0 | D:1      | Reached XP level 1. HP: 18/18 MP: 1/1
   174 | D:1      | Reached XP level 2. HP: 18/24 MP: 2/2
   694 | D:2      | Reached XP level 3. HP: 27/29 MP: 3/3
  1502 | D:2      | Found a hide-covered altar of Uskayaw.
  1517 | D:2      | Found a snail-covered altar of Cheibriados.
  1520 | D:2      | Found an iron altar of Okawaru.
  1524 | D:2      | Became a worshipper of Warmaster Okawaru
  1620 | D:3      | Reached XP level 4. HP: 32/35 MP: 4/4
  1714 | D:3      | Slain by a gnoll

Action                   |  1- 3 |  4- 6 || total
-------------------------+-------+-------++-------
Melee: Long sword        |   119 |    21 ||   140
  Use: Potion            |       |     1 ||     1
  Eat: Ration            |     1 |       ||     1
       Chunk             |     1 |       ||     1
Armor: Scale mail        |    70 |    13 ||    83
Dodge: Dodged            |    32 |    11 ||    43
Block: Shield            |    71 |    13 ||    84
       Rpst.: Long sword |    10 |     1 ||    11
